 Dungeon Crawl Stone Soup version 0.32-a0-643-ga006e7742e (webtiles) character file.

Game seed: 98043597176251528

279 pascalblue the Grave Robber (level 6, -1/32 HPs)
             Began as a Deep Elf Necromancer on Mar 7, 2024.
             Killed by nerve-wracking pain
             ... invoked by a shadow imp
              (12 damage)
             ... on level 4 of the Dungeon.
             The game lasted 00:13:14 (4260 turns).

pascalblue the Grave Robber (Deep Elf Necromancer)  Turns: 4260, Time: 00:13:15

Health: -1/32      AC:  6    Str:  5    XL:     6   Next: 5%
Magic:  13/15      EV: 13    Int: 22    God:
Gold:   173        SH:  0    Dex: 15    Spells: 2/15 levels left

rFire   + . .        h - staff of fire
rCold   + . .        (no shield)
rNeg    . . .        a - +2 robe
rPois   +            p - +2 hat
rElec   .            (no cloak)
rCorr   .            (no gloves)
SInv    .            (no boots)
Will    .....        (no amulet)
Stlth   ++           t - ring of protection from cold
HPRegen 0.25/turn    e - ring of poison resistance
MPRegen 0.14/turn

%: no passive effects
@: no status effects
A: no striking features
a: no special abilities


You were on level 4 of the Dungeon.
You visited 1 branch of the dungeon, and saw 4 of its levels.

You collected 173 gold pieces.

Inventory:

Hand Weapons
 c - a +0 dagger
 u - a +0 flail of protection
 v - a +0 great sword of chaos
Armour
 a - a +2 robe (worn)
 k - a +0 troll leather armour
 p - a +2 hat (worn)
Magical Staves
 h - a staff of fire (weapon)
Jewellery
 e - a ring of poison resistance (right hand)
 t - a ring of protection from cold (left hand)
Scrolls
 l - a scroll of immolation
 m - a scroll of fog
 n - a scroll of butterflies
Potions
 d - a potion of invisibility {unknown}
 f - a potion of curing {unknown}
 g - a potion of brilliance {unknown}
 i - a potion of heal wounds {unknown}
 j - a potion of attraction {unknown}
 s - 2 potions of enlightenment {unknown}


   Skills:
 - Level 3.0 Dodging
 - Level 2.4 Stealth
 + Level 5.2 Spellcasting
 + Level 0.1 Conjurations
 * Level 7.5 Necromancy
 * Level 0.5 Air Magic
 * Level 0.4 Alchemy


You had 2 spell levels left.
You knew the following spells:

 Your Spells              Type           Power      Damage    Failure   Level
a - Necrotise             Necr           100%       1d9       1%          1
b - Vampiric Draining     Necr           38%        2d8       1%          3
c - Animate Dead          Necr           38%        N/A       4%          4
d - Mercury Vapours       Alch/Air       14%        N/A       12%         2
e - Mephitic Cloud        Conj/Alch/Air  7%         N/A       26%         3

Your spell library contained the following spells:

 Spells                   Type           Power      Damage    Failure   Level
 Curse of Agony           Necr           38%        N/A       13%         5
 Freezing Cloud           Conj/Ice/Air   3%         6-21      94%         5


Dungeon Overview and Level Annotations

Branches:
Dungeon (4/15)
 Temple: D:4-7

Altars:

Shops:
D:2 *   D:3 [


Message History

You hit the shadow imp but do no damage.
The shadow imp is heavily wounded.
Your orc wizard zombie closely misses the shadow imp.
The shadow imp misses you.
You hit the shadow imp but do no damage.
The shadow imp is heavily wounded.
Your orc wizard zombie hits the shadow imp but does no damage.
The shadow imp hits your orc wizard zombie.
You hit the shadow imp but do no damage.
The shadow imp is heavily wounded.
The shadow imp closely misses you.
Your orc wizard zombie barely misses the shadow imp.
You closely miss the shadow imp.
The shadow imp is heavily wounded.
The shadow imp hits you.
Your orc wizard zombie barely misses the shadow imp.
The shadow imp barely misses you.
You closely miss the shadow imp.
The shadow imp is heavily wounded.
Your orc wizard zombie hits the shadow imp but does no damage.
The shadow imp hits you.
You hit the shadow imp but do no damage.
The shadow imp is heavily wounded.
Your orc wizard zombie closely misses the shadow imp.
The shadow imp closely misses you.
You hit the shadow imp.
The shadow imp is almost dead.
The shadow imp barely misses you.
Your orc wizard zombie closely misses the shadow imp.
You hit the shadow imp but do no damage.
The shadow imp is almost dead.
The shadow imp hits you.
Your orc wizard zombie hits the shadow imp but does no damage.
You completely miss the shadow imp.
The shadow imp is almost dead.
The shadow imp closely misses you.
Your orc wizard zombie barely misses the shadow imp.
The shadow imp gestures at you. Pain shoots through your body!
You die...

#########.#
#.........#
########.#########
.........# .
######..#
....########..#
....$.)))..Z..#
.#########5#.##
#@#.# #.#.# ..#..
######


You could see a shadow imp (ally target) and a friendly orc wizard zombie.

Vanquished Creatures
  A bombardier beetle (D:3)
  A hound (D:3)
  Jessica (D:2)
  An orc wizard (D:4)
  2 gnolls (D:3)
  5 adders (D:2)
  3 ribbon worms (D:2)
  6 orcs
  4 bats
  8 endoplasms
  5 giant cockroaches
  5 goblins
  5 hobgoblins
  5 kobolds
  4 quokkas
  9 ball pythons
  3 frilled lizards
  6 rats
74 creatures vanquished.

Vanquished Creatures (collateral kills)
  A gnoll (D:3)
  A ribbon worm (D:2)
  2 frilled lizards
4 creatures vanquished.

Vanquished Creatures (others)
  An orc zombie (D:4)
1 creature vanquished.

Grand Total: 79 creatures vanquished

Notes
Turn   | Place    | Note
-------+----------+-------------------------------------------
     0 | D:1      | pascalblue the Deep Elf Necromancer began the quest for the
                  | Orb.
     0 | D:1      | Reached XP level 1. HP: 10/10 MP: 6/6
    64 | D:1      | Reached skill level 5 in Necromancy
   143 | D:1      | Reached XP level 2. HP: 15/15 MP: 4/8
   784 | D:1      | Reached XP level 3. HP: 19/19 MP: 7/10
   788 | D:1      | Learned a level 3 spell: Vampiric Draining
  2123 | D:2      | Reached skill level 6 in Necromancy
  2123 | D:2      | Reached XP level 4. HP: 16/24 MP: 9/12
  2562 | D:2      | Noticed Jessica
  2574 | D:2      | Killed Jessica
  2739 | D:2      | Found Cublamos's Assorted Antiques.
  2986 | D:3      | Reached XP level 5. HP: 22/28 MP: 8/14
  3428 | D:3      | Found Bachai's Antique Armour Shoppe.
  3483 | D:3      | Reached skill level 7 in Necromancy
  3490 | D:3      | Reached skill level 5 in Spellcasting
  4086 | D:3      | Learned a level 4 spell: Animate Dead
  4089 | D:3      | Learned a level 2 spell: Mercury Vapours
  4093 | D:3      | Learned a level 3 spell: Mephitic Cloud
  4241 | D:4      | Reached XP level 6. HP: 18/32 MP: 12/15
  4260 | D:4      | Killed from afar by a shadow imp

Illustrated notes

Levels and vault maps discovered:
D:1:      lightli_arrival_lavapool, layout_loops_corners, serial_forest,
          infiniplex_forest_clump_medium, infiniplex_forest_end_2,
          infiniplex_forest_straight_5, infiniplex_forest_clump_small,
          infiniplex_forest_lined_room_2, infiniplex_forest_clump_curved
D:2:      layout_basic, serial_shops, nicolae_shop_trees, nicolae_the_louvre,
          uniq_jessica
D:3:      layout_basic, serial_shops, shop
D:4:      layout_loops_ring, gup_sewer_entry_glass, serial_glass,
          glass_columns_a, glass_columns_a

Skill      XL: |  1  2  3  4  5 |
---------------+----------------+-----
Necromancy     | 5 6 7 |  7.5
Dodging        | 3 |  3.0
Spellcasting   | 4 5 |  5.2
Stealth        | |  2.4
Conjurations   | |  0.1
Air Magic      | |  0.5
Alchemy        | |  0.4

Action                     |  1- 3 |  4- 6 || total
---------------------------+-------+-------++-------
  Melee: Dagger            |   594 |       ||   594
         Flail             |       |     1 ||     1
         Staff             |       |    15 ||    15
   Cast: Necrotise         |    56 |    92 ||   148
         Animate Dead      |       |     1 ||     1
    Use: Scroll            |       |    10 ||    10
         Potion            |       |     1 ||     1
 Armour: Robe              |    13 |    25 ||    38
  Dodge: Dodged            |     7 |    29 ||    36

Table legend: (Time is in decaauts)
 A = Elapsed time spent in this place.
 B = Non-inter-level travel time spent in this place.
 C = Inter-level travel time spent in this place.
 D = Time resting spent in this place.
 E = Time spent auto-exploring this place.
 F = Levels seen in this place.
 G = Mean time per level.
                   A        B        C        D        E       F      G
               +--------+--------+--------+--------+--------+-----+--------+
         Total |   4260 |   4211 |     49 |      0 |   3012 |   4 | 1065.0 |
       Dungeon |   4260 |   4211 |     49 |      0 |   3012 |   4 | 1065.0 |
               +--------+--------+--------+--------+--------+-----+--------+

Top non-repeatable levels by time:
     D:1: 1894 daAuts
     D:3: 1138 daAuts
     D:2: 1076 daAuts
     D:4: 150 daAuts
